 Dungeon Crawl Stone Soup version 0.19-a0-36-g4a0968a (webtiles) character file.

134491 manon the Sharpshooter (level 16, -2/220 HPs)
             Began as a Minotaur Berserker on May 3, 2016.
             Was an Elder of Trog.
             Slain by a manticore (8 damage)
             ... on level 4 of the Shoals on May 4, 2016.
             The game lasted 04:48:07 (31199 turns).

manon the Sharpshooter (Minotaur Berserker)        Turns: 31199, Time: 04:48:08

Health: -2/220     AC: 38    Str: 32    XL:     16   Next: 62%
Magic:  16/16      EV:  9    Int:  4    God:    Trog [****..]
Gold:   1944       SH:  0    Dex: 12    Spells: 0 memorised, 15 levels left

rFire  . . .     SeeInvis .     a - +6 dire flail (flame)
rCold  + . .     Gourm    .     O - +4 crystal plate armour
rNeg   . . .     Faith    .     (shield currently unavailable)
rPois  +         Spirit   .     w - +1 hat
rElec  .         Dismiss  .     G - +2 cloak "Otergh" {Stlth+}
rCorr  .         Reflect  .     V - +0 pair of gloves
SustAt .         Harm     .     z - +0 pair of boots "Bufiusar" {rC+}
MR     +....                    (no amulet)
Stlth  ..........               x - +4 ring of protection
                                F - ring of poison resistance

@: berserking, manticore barbs, flying, very slightly contaminated, hasted, very
quick, somewhat resistant to hostile enchantments, extremely unstealthy
A: retaliatory headbutt, horns 2, low mp 1, subdued magic 1
a: Berserk, Trog's Hand, Brothers in Arms, Burn Spellbooks, Renounce Religion


You were on level 4 of the Shoals.
You worshipped Trog.
Trog was greatly pleased with you.
You were not hungry.

You visited 6 branches of the dungeon, and saw 31 of its levels.
You also visited: Bailey and Ice Cave.

You collected 3633 gold pieces.
You spent 1689 gold pieces at shops.

Inventory:

Hand Weapons
 a - a +6 dire flail of flaming (weapon)
 b - a +9 arbalest of flaming
 q - the +6 great mace "Uditt" {freeze, +Rage rPois Int-3 Stlth+}
   (Trog gifted it to you on level 8 of the Lair of Beasts)

   It has been specially enchanted to freeze those struck by it, causing extra
   injury to most foes and up to half again as much damage against particularly
   susceptible opponents.
   It can also slow down cold-blooded creatures.
   It affects your intelligence (-3).
   It protects you from poison.
   It lets you go berserk.
   It makes you more stealthy.
 R - a +4 triple crossbow of flaming
Missiles
 l - 149 bolts
 L - 3 throwing nets (quivered)
Armour
 w - a +1 hat (worn)
 z - the +0 pair of boots "Bufiusar" (worn) {rC+}
   (You found it in a bailey)

   It protects you from cold.
 G - the +2 cloak "Otergh" (worn) {Stlth+}
   (You found it on level 4 of the Dungeon)

   It makes you more stealthy.
 H - a +3 ring mail of magic resistance
 O - a +4 crystal plate armour (worn)
 V - a +0 pair of gloves (worn)
Jewellery
 v - an uncursed ring of sustain attributes
 x - a +4 ring of protection (right hand)
 A - an uncursed ring of protection from fire
 F - a ring of poison resistance (left hand)
 K - an uncursed ring of protection from magic
Wands
 c - a wand of digging (16/24)
 h - a wand of hasting (4/9)
 u - a wand of iceblast (8/15)
 M - a wand of heal wounds (5/9)
 Y - a wand of disintegration (6/24)
Scrolls
 d - a scroll of vulnerability {unknown}
 f - 2 scrolls of magic mapping
 g - a scroll of holy word
 i - 5 scrolls of identify
 o - 13 scrolls of remove curse
 s - 2 scrolls of enchant armour
 B - a scroll of fog
 C - 2 scrolls of recharging
 D - 4 scrolls of teleportation
 T - 2 scrolls of blinking {unknown}
 W - a scroll of summoning
Potions
 e - 2 potions of cure mutation
 j - a potion of magic
 m - 4 potions of flight
 n - 3 potions of cancellation
 p - 3 potions of haste
 t - 3 potions of berserk rage
 E - a potion of ambrosia
 J - 4 potions of agility
 N - 3 potions of resistance
 Q - a potion of experience {unknown}
 S - a potion of invisibility {unknown}
 U - 5 potions of might
 Z - 10 potions of curing
Books
 P - a book of Transfigurations

   Spells                             Type                      Level
   a - Irradiate                      Conjuration/Transmutation    5
   b - Statue Form                    Transmutation/Earth          6
   c - Hydra Form                     Transmutation                6
   d - Dragon Form                    Transmutation                7
   Trog disapproves of the use of such an item.
Miscellaneous
 y - a box of beasts
Comestibles
 k - 18 bread rations
 r - 11 meat rations
 X - 5 chunks of flesh


   Skills:
 + Level 14.9 Fighting
 + Level 18.0 Maces & Flails
 + Level 18.8 Crossbows
 + Level 13.7 Armour
 - Level 6.5 Dodging
 - Level 5.0 Evocations


You had 15 spell levels left.
You didn't know any spells.

Dungeon Overview and Level Annotations

Branches:
Dungeon (15/15)            Temple (1/1) D:5            Lair (8/8) D:9
 Shoals (4/4) Lair:6        Snake (0/4) Lair:3          Orc (2/2) D:11
    Elf (1/3) Orc:2        Vaults (0/5) D:14         Depths (0/5) D:15
  Slime: Lair:6-8

Altars:
Ashenzari
Cheibriados
Dithmenos
Elyvilon
Fedhas
Gozag
Makhleb
Nemelex Xobeh
Okawaru
Pakellas
Qazlal
Ru
Sif Muna
Trog
Vehumet
Xom
Yredelemnul
Zin
Beogh

Shops:
D:10 *   D:11 [   Orc:2 !:*!   Elf:1 [

Annotations:
D:5 Sigmund
D:7 1 runed door, exclusion: door
Lair:7 Slime?, exclusion: oklob plant
Shoals:4 Ilsuiw


Innate Abilities, Weirdness & Mutations

You reflexively headbutt those who attack you in melee.
You have a pair of horns on your head.
Your magical capacity is low (-10% MP).
Your spells are a little easier to cast, but a little less powerful.


Message History

The sea snake bites you but does no damage.
You closely miss the merfolk aquamancer.
The merfolk aquamancer is heavily wounded.
The manticore bites you but does no damage.
The manticore claws you but does no damage. x2
The merfolk aquamancer hits you but does no damage.
A satyr comes into view. It is wielding a spear.
You bludgeon the merfolk aquamancer!! You burn the merfolk aquamancer.
Your headbutt misses the merfolk aquamancer.
The merfolk aquamancer is almost dead.
You closely miss the merfolk aquamancer.
The merfolk aquamancer is almost dead.
The sea snake bites you but does no damage.
The merfolk aquamancer gestures at you while chanting.
The great wave of water hits you!
* * * LOW HITPOINT WARNING * * *
The wave splashes down.
The manticore bites you but does no damage.
The manticore claws you!
You die...

≈≈≈≈≈≈≈≈≈≈≈m≈≈≈≈≈≈≈≈≈≈≈≈≈≈#
E≈≈≈≈≈≈≈≈≈≈≈≈≈c≈≈≈≈(.#..≈≈#
≈≈≈≈≈≈≈≈...≈≈≈≈≈≈≈≈(####.≈##
.≈≈≈≈≈≈.....≈≈≈≈≈≈(## ##≈≈#####≈
.≈≈≈≈≈≈.....≈≈≈≈≈≈.# ##.≈≈≈≈≈≈≈
..≈≈≈≈≈.....§≈≈≈≈.## ##.≈≈≈≈≈≈≈≈
.)≈≈≈≈...§§§≈≈≈≈≈.# #..≈≈≈≈≈≈≈≈
..≈≈≈≈....(§§≈≈≈m.# #.≈≈≈≈≈≈≈≈≈
..≈≈≈≈≈.≈(.m≈≈(S@≈#####.≈≈≈≈≈≈≈≈≈
....≈≈†≈≈≈§≈≈≈≈≈≈Hm##<.≈≈≈≈≈≈≈≈≈≈
≈≈≈.≈≈≈≈≈≈≈≈≈≈≈≈≈≈≈≈.≈≈≈≈≈≈≈≈≈≈≈≈
≈≈≈≈≈≈≈≈≈≈≈≈≈≈≈≈≈≈≈≈≈≈≈≈≈≈≈≈≈≈≈≈≈
≈≈≈≈≈≈(≈≈≈≈≈≈≈≈≈≈≈≈≈≈≈≈≈≈≈≈≈≈≈≈≈
≈≈≈≈≈≈≈≈≈≈≈≈≈≈≈≈≈≈≈≈≈≈≈≈≈≈≈≈≈≈≈≈
≈≈≈≈≈≈≈≈≈≈≈≈≈≈≈≈≈≈≈≈≈≈≈≈≈≈≈≈≈≈≈
≈≈≈≈≈≈≈≈≈≈≈≈≈≈≈≈≈≈≈≈≈≈≈≈≈≈≈≈≈≈≈
≈≈≈≈≈≈≈≈≈≈≈≈≈≈≈≈≈≈≈≈≈≈≈≈≈≈≈≈≈≈


You could see a satyr, a sea snake, 3 merfolk aquamancers and a manticore.

Vanquished Creatures
  Gastronok (D:11)
  Nessos (D:13)
  Josephine (Shoals:1)
  2 merfolk javelineers
  2 merfolk impalers
  A fire dragon (Lair:8)
  An ice dragon (Lair:8)
  10 hydras
  4 merfolk avatars
  2 merfolk aquamancers
  3 centaur warriors
  The ghost of Sl000nik the Protected, a journeyman GrFi of Cheibriados (D:11)
  A tengu warrior (D:14)
  3 dancing weapons (Elf:1)
  7 death yaks
  An ogre mage (D:15)
  A vampire mage (D:15)
  A titan zombie (D:15)
  2 deep elf knights (Elf:1)
  A fire crab (shapeshifter) (D:15)
  A fire crab (Lair:4)
  A storm dragon skeleton (D:15)
  The ghost of Mefis the Thaumaturge, a novice DEWz of Sif Muna (D:10)
  2 skeletal warriors (D:15)
  2 sea snakes
  2 lindwurms (Lair:8)
  7 hill giants
  9 harpies
  2 orc knights
  18 ugly things
  23 deep elf magi
  6 griffons
  3 cyclopes
  7 fauns
  8 orc sorcerers (Orc:2)
  3 manticores
  A guardian serpent (Lair:3)
  2 fire giant zombies (D:15)
  Maurice (Orc:2)
  3 sirens (Shoals:3)
  9 elephants
  5 torpor snails (Lair:8)
  A molten gargoyle (D:14)
  9 black mambas
  2 water nymphs
  A gargoyle (D:10)
  10 spiny frogs
  7 komodo dragons
  6 rime drakes
  An efreet (D:14)
  A harpy zombie (D:13)
  A tengu conjurer (D:14)
  6 giant leeches (Lair:8)
  2 trolls
  A wind drake (Shoals:1)
  4 polar bears
  5 two-headed ogres
  14 merfolk
  Grinder (D:3)
  12 slime creatures
  2 snapping turtles
  32 blink frogs
  A centaur simulacrum (D:15)
  A tarantella (shapeshifter) (D:15)
  5 wyverns
  3 wraiths (Shoals:1)
  35 yaks
  4 water elementals
  4 basilisks (Lair:8)
  A fire elemental (Elf:1)
  11 hippogriffs
  3 steam dragons (Lair:8)
  3 vampire mosquitoes (D:13)
  5 wargs (Orc:2)
  2 mottled dragons
  10 water moccasins
  5 porcupines
  19 orc warriors
  2 swamp drakes (Lair:8)
  5 ice beasts
  3 wasps (Lair:8)
  4 black bears
  A sky beast (D:11)
  4 eyes of draining
  A phantom (D:7)
  12 ogres
  14 wolves
  A necrophage (D:8)
  An ogre (shapeshifter) (D:12)
  The ghost of namelastname112 the Conjurer, an amateur DrCj (D:4)
  4 centaurs
  16 crocodiles
  2 big kobolds
  15 giant frogs
  An earth elemental (Elf:1)
  A wyvern zombie (D:11)
  2 gnoll sergeants
  A wyvern skeleton (D:9)
  3 jellies
  3 scorpions
  7 killer bees
  23 wights
  4 howler monkeys
  8 electric eels
  4 crimson imps
  2 centaur zombies
  4 giant frog skeletons
  4 hounds
  15 orc priests
  Crazy Yiuf (D:6)
  2 centaur skeletons
  41 orc wizards
  Jessica (D:3)
  16 iguanas
  8 worker ants
  13 sheep
  A hound skeleton (D:7)
  3 worker ant zombies
  11 gnolls
  11 adders
  84 river rats
  2 shadow imps
  2 oozes
  2 adder skeletons
  22 worms
  A dart slug (D:1)
  4 giant geckos
  96 orcs
  6 ball pythons
  14 bats
  4 giant cockroaches
  9 goblins
  11 hobgoblins
  9 jackals
  2 quokkas
  A giant gecko zombie (D:5)
  7 giant newts
  21 kobolds
  A quokka skeleton (D:7)
  8 rats
  3 fungi
  8 plants
985 creatures vanquished.

Vanquished Creatures (collateral kills)
  A merfolk aquamancer (Shoals:1)
  An orc knight (Bailey)
  A hill giant (D:8)
  3 harpies (Shoals:1)
  A griffon (Lair:3)
  An orc sorcerer (Orc:2)
  A spiny frog (Lair:2)
  A merfolk (Shoals:1)
  3 blink frogs
  3 water elementals (Shoals:1)
  A vampire mosquito (D:13)
  2 wargs (Orc:2)
  4 orc warriors (Bailey)
  2 ogres
  2 killer bees (D:9)
  A howler monkey (D:8)
  3 orc priests
  2 orc wizards (Orc:2)
  3 gnolls
  A river rat (Lair:8)
  An adder skeleton (D:8)
  5 orcs
  A hobgoblin (Bailey)
  A giant newt (D:6)
  3 kobolds (Bailey)
  2 butterflies (Lair:4)
50 creatures vanquished.

Vanquished Creatures (others)
  Erolcha (D:13)
  A necromancer (D:15)
  A wolf (IceCv)
  A killer bee (D:13)
  20 fungi
  29 plants
53 creatures vanquished.

Grand Total: 1088 creatures vanquished

Notes
Turn   | Place    | Note
--------------------------------------------------------------
     0 | D:1      | manon the Minotaur Berserker began the quest for the Orb.
     0 | D:1      | Reached XP level 1. HP: 19/19 MP: 0/0
   311 | D:1      | Reached XP level 2. HP: 25/26 MP: 1/1
   508 | D:1      | Reached ** piety under Trog
   749 | D:2      | Reached skill level 5 in Maces & Flails
   775 | D:2      | Reached XP level 3. HP: 30/31 MP: 2/2
   865 | D:2      | Found a shadowy altar of Dithmenos.
   891 | D:2      | Found a deep blue altar of Sif Muna.
  1040 | D:2      | Reached XP level 4. HP: 39/39 MP: 3/3
  1156 | D:2      | Reached *** piety under Trog
  1273 | D:3      | Noticed Jessica
  1279 | D:3      | Killed Jessica
  1329 | D:3      | Noticed Grinder
  1344 | D:3      | Killed Grinder
  1344 | D:3      | Reached XP level 5. HP: 45/45 MP: 4/4
  1344 | D:3      | Reached XP level 6. HP: 51/51 MP: 5/5
  1821 | D:3      | Gained mutation: Your spells are a little easier to cast, but a little less powerful. [potion of mutation]
  1821 | D:3      | Gained mutation: Your magical capacity is low (-10% MP). [potion of mutation]
  1842 | D:3      | Reached **** piety under Trog
  2206 | D:4      | Noticed namelastname112's ghost (amateur DrCj)
  2219 | D:4      | Killed namelastname112's ghost
  2230 | D:4      | Got a translucent dagger
  2260 | D:4      | Reached XP level 7. HP: 42/57 MP: 5/5
  2514 | D:4      | Found a shattered altar of Ashenzari.
  2514 | D:4      | Found a stormy altar of Qazlal.
  2535 | D:4      | Got an encrusted cloak
  2546 | D:4      | Identified the +2 cloak "Otergh" {Stlth+} (You found it on level 4 of the Dungeon)
  2726 | D:5      | Entered Level 5 of the Dungeon
  2738 | D:5      | Reached skill level 10 in Maces & Flails
  2836 | D:5      | Found a staircase to the Ecumenical Temple.
  2842 | Temple   | Entered the Ecumenical Temple
  2934 | D:5      | Noticed Sigmund
  3127 | D:5      | Found a burning altar of Makhleb.
  3278 | D:5      | Reached XP level 8. HP: 51/64 MP: 6/6
  3704 | D:6      | Reached ***** piety under Trog
  4062 | D:6      | Noticed Crazy Yiuf
  4065 | D:6      | Killed Crazy Yiuf
  4279 | D:7      | Found a white marble altar of Elyvilon.
  4279 | D:7      | Found a runed door.
  4279 | D:7      | Noticed an angel
  4294 | D:7      | Reached XP level 9. HP: 61/70 MP: 7/7
  4536 | D:7      | Received a gift from Trog
  5017 | D:8      | Reached skill level 15 in Maces & Flails
  5050 | D:8      | Found a flagged portal.
  5062 | Bailey   | Entered a bailey
  5146 | Bailey   | Noticed an orc knight
  5239 | Bailey   | Killed an orc knight
  5239 | Bailey   | Reached skill level 5 in Armour
  5360 | Bailey   | Got a pair of twisted boots
  5366 | Bailey   | Identified the +0 pair of boots "Bufiusar" {rC+} (You found it in a bailey)
  5440 | D:8      | Noticed a hill giant
  5443 | D:8      | Killed a hill giant
  5443 | D:8      | Reached skill level 5 in Fighting
  5443 | D:8      | Reached XP level 10. HP: 81/81 MP: 8/8
  5880 | D:9      | Found a staircase to the Lair.
  6401 | D:9      | Found an iron altar of Okawaru.
  6696 | Lair:1   | Entered Level 1 of the Lair of Beasts
  6765 | Lair:1   | Noticed a seven-headed hydra
  6778 | Lair:1   | Killed a seven-headed hydra
  7501 | Lair:1   | Received a gift from Trog
  8135 | Lair:2   | Noticed a spiny frog
  8144 | Lair:2   | Killed a spiny frog
  8736 | Lair:2   | Noticed a six-headed hydra
  8749 | Lair:2   | Killed a six-headed hydra
  8749 | Lair:2   | Reached XP level 11. HP: 71/92 MP: 8/8
  8950 | Lair:2   | Reached skill level 10 in Armour
  9448 | Lair:3   | Found a staircase to the Snake Pit.
  9575 | Lair:3   | Noticed a griffon
  9583 | Lair:3   | Killed a griffon
 10451 | Lair:4   | Noticed a fire crab
 10503 | Lair:4   | Received a gift from Trog
 10575 | Lair:4   | Reached skill level 1 in Crossbows
 11349 | Lair:4   | Reached XP level 12. HP: 105/105 MP: 9/9
 11369 | Lair:4   | Reached skill level 5 in Crossbows
 11803 | Lair:5   | Noticed a death yak
 11804 | Lair:5   | Noticed a death yak
 11808 | Lair:5   | Noticed a death yak
 11821 | Lair:4   | Killed a death yak
 11901 | Lair:4   | Killed a death yak
 12061 | Lair:5   | Killed a death yak
 12340 | Lair:5   | Found a frozen archway.
 12355 | IceCv    | Entered an ice cave
 12569 | IceCv    | Noticed Qrupt's ghost (journeyman DrAr)
 12899 | Lair:5   | Noticed a four-headed hydra
 12905 | Lair:5   | Killed a four-headed hydra
 12905 | Lair:5   | Reached skill level 10 in Crossbows
 13619 | Lair:6   | Found a staircase to the Shoals.
 13682 | Lair:6   | Noticed a six-headed hydra
 13697 | Lair:6   | Killed a six-headed hydra
 13723 | Lair:6   | Noticed a five-headed hydra
 13733 | Lair:6   | Killed a five-headed hydra
 13733 | Lair:6   | Received a gift from Trog
 14252 | Lair:7   | Noticed a five-headed hydra
 14316 | Lair:6   | Killed a five-headed hydra
 14510 | Lair:7   | Reached XP level 13. HP: 111/111 MP: 10/10
 14900 | Lair:7   | Received a gift from Trog
 15381 | Lair:8   | Entered Level 8 of the Lair of Beasts
 16115 | Lair:8   | Reached skill level 10 in Fighting
 16123 | Lair:8   | Received a gift from Trog
 16127 | Lair:8   | Got an ancient great mace {god gift}
 16128 | Lair:8   | Identified the +6 great mace "Uditt" {freeze, +Rage rPois Int-3 Stlth+} (Trog gifted it to you on level 8 of the Lair of Beasts)
 16231 | Lair:8   | Identified a +4 rod of inaccuracy (11/11) (You found it on level 8 of the Lair of Beasts)
 16669 | Lair:8   | Noticed a fire dragon
 16679 | Lair:8   | Killed a fire dragon
 16926 | Lair:8   | Reached skill level 15 in Crossbows
 17287 | Lair:8   | Found a runed door.
 17624 | Lair:8   | Received a gift from Trog
 18315 | Lair:8   | Reached XP level 14. HP: 124/124 MP: 3/11
 19179 | D:10     | Entered Level 10 of the Dungeon
 19182 | D:10     | Received a gift from Trog
 19332 | D:10     | Got a faintly glowing trident
 19333 | D:10     | Identified the +7 trident "Upnusm" {elec, rPois Str+4} (You found it on level 10 of the Dungeon)
 19346 | D:10     | Reached ****** piety under Trog
 19448 | D:10     | Received a gift from Trog
 19522 | D:10     | Noticed Mefis's ghost (novice DEWz)
 19533 | D:10     | Killed Mefis's ghost
 19554 | D:10     | Found Romaip's Assorted Antiques.
 19559 | D:10     | Bought 2 scrolls of enchant weapon for 360 gold pieces
 19559 | D:10     | Bought a scroll of enchant armour for 180 gold pieces
 19923 | D:11     | Found Sizisch Saymu's Armour Emporium.
 20038 | D:11     | Received a gift from Trog
 20068 | D:11     | Noticed Gastronok
 20073 | D:11     | Killed Gastronok
 20092 | D:11     | Noticed Sl000nik's ghost (journeyman GrFi)
 20098 | D:11     | Killed Sl000nik's ghost
 20337 | D:11     | Found a staircase to the Orcish Mines.
 20361 | D:11     | Received a gift from Trog
 20640 | D:11     | Found a roughly hewn altar of Beogh.
 20647 | D:11     | Received a gift from Trog
 20730 | Orc:1    | Entered Level 1 of the Orcish Mines
 20984 | Orc:1    | Received a gift from Trog
 21293 | Orc:2    | Entered Level 2 of the Orcish Mines
 21333 | Orc:2    | Noticed Maurice
 21356 | Orc:2    | Killed Maurice
 21512 | Orc:2    | Received a gift from Trog
 21591 | Orc:2    | Received a gift from Trog
 21926 | Orc:2    | Found Tennuibb's Distillery.
 21926 | Orc:2    | Found Jebroak's Book Shoppe.
 22157 | Orc:2    | Bought a potion of might for 56 gold pieces
 22157 | Orc:2    | Bought a potion of haste for 140 gold pieces
 22288 | Orc:2    | Found a staircase to the Elven Halls.
 22340 | Orc:2    | Found Puatt's General Store.
 22340 | Orc:2    | Found Gootakk's Distillery.
 22357 | Orc:2    | Bought a potion of flight for 33 gold pieces
 22357 | Orc:2    | Bought a potion of might for 44 gold pieces
 22357 | Orc:2    | Bought a potion of curing for 33 gold pieces
 22357 | Orc:2    | Bought a potion of cure mutation for 275 gold pieces
 22357 | Orc:2    | Bought a potion of might for 44 gold pieces
 22357 | Orc:2    | Bought a potion of magic for 88 gold pieces
 22357 | Orc:2    | Bought a potion of might for 44 gold pieces
 22367 | Orc:2    | Found a roughly hewn altar of Beogh.
 22389 | Orc:2    | Bought a potion of curing for 42 gold pieces
 22389 | Orc:2    | Bought a potion of cure mutation for 350 gold pieces
 22682 | Elf:1    | Entered Level 1 of the Elven Halls
 22748 | Elf:1    | Found a deep blue altar of Sif Muna.
 22764 | Elf:1    | Got an encrusted mace
 22765 | Elf:1    | Identified the +9 mace "Xiqud" {venom, rN++ Str-4} (You found it on level 1 of the Elven Halls)
 22800 | Elf:1    | Received a gift from Trog
 22815 | Elf:1    | Reached skill level 5 in Dodging
 22939 | Elf:1    | Found Kaimpyul's Armour Boutique.
 23428 | Elf:1    | Reached XP level 15. HP: 134/134 MP: 12/12
 23434 | Elf:1    | Received a gift from Trog
 24477 | D:12     | Identified a scroll of acquirement
 24479 | D:12     | Got a fine buckler
 24487 | D:12     | Identified the +3 buckler "Osokk" {MR+ Int+3} (You acquired it on level 12 of the Dungeon)
 25254 | D:13     | Noticed Erolcha
 25256 | D:13     | Killed Erolcha
 25256 | D:13     | Reached skill level 1 in Evocations
 25709 | D:13     | Noticed Nessos
 25712 | D:13     | Killed Nessos
 26043 | D:13     | Received a gift from Trog
 26650 | D:14     | Received a gift from Trog
 26939 | D:14     | Found a gate to the Vaults.
 27178 | D:15     | Entered Level 15 of the Dungeon
 27312 | D:15     | Found a staircase to the Depths.
 28057 | D:15     | Reached XP level 16. HP: 146/146 MP: 16/16
 28132 | D:15     | Received a gift from Trog
 28643 | Shoals:1 | Entered Level 1 of the Shoals
 28847 | Shoals:1 | Noticed Josephine
 28848 | Shoals:1 | Killed Josephine
 30269 | Shoals:2 | Reached skill level 5 in Evocations
 30875 | Shoals:4 | Entered Level 4 of the Shoals
 31074 | Shoals:4 | Noticed Ilsuiw
 31189 | Shoals:4 | HP: 3/147 [manticore/volley of spikes (14)]
 31199 | Shoals:4 | HP: 6/220 [merfolk aquamancer/great wave of water (14)]
 31199 | Shoals:4 | Slain by a manticore

Vault maps used:
D:1:      onia_arrival_handbag
D:2:      overflow_temple_1_default, nicolae_overflow_hidden_temple
D:3:      minmay_door_path, first_bread, nrook_uturn, uniq_jessica, uniq_grinder
D:4:      gammafunk_temple_overflow_elements
D:5:      black_bear_nest_2, makhleb_heckhound_becter,
          minmay_temple_entry_statues_pillars, uniq_sigmund
D:6:      minmay_small_thing, uniq_crazy_yiuf_cottage
D:7:      lemuel_angel_altar
D:8:      amethyst_overflow_temple_binary, enter_bailey_2
D:9:      okawaru_ov_weapons_minmay, lair_0_dummy
D:10:     serial_shops, kennysheep_little_box
D:11:     minmay_orc_entry_temple_small, serial_shops, shop, uniq_gastronok
D:12:     hangedman_fish_farm, roderic_lattice_a
D:13:     kennysheep_boxes, uniq_nessos, uniq_erolcha
D:14:     david_vaults_1, hex_tiny, kennysheep_cross_bottleneck
D:15:     gammafunk_depths_entry_grave
Temple:   circular_temple_12
Lair:1:   serial_bayou_ford_a, lemuel_old_faithful
Lair:2:   minivault_25, patterned_corridor, infiniplex_staircase_pool_2
Lair:3:   minmay_snake_entry_spellcaster, serial_bayou_pond_b
Lair:4:   lemuel_fruit_fields
Lair:5:   portal_ice_cave_entry_pillars_01, minivault_26
Lair:6:   shoals_dummy_entry, serial_bayou_lagoon_b
Lair:7:   minmay_slime_entry_oklob_open, grunt_forest_large_clearings
Lair:8:   wormcave, guppyfry_lair_end_dragon, minmay_lair_drake_nest,
          bh_autumn_forest_stairs
Shoals:1: uniq_josephine
Shoals:2: nicolae_shoals_siren_and_animal_friends
Shoals:4: shoals_end_simple, shoals_ilsuiw_ice, uniq_jorgrun, uniq_polyphemus
Orc:2:    st_orc_town, uniq_maurice
Elf:1:    eino_elf_arrival_sip, basic_altar, serial_shops, shop,
          evilmike_minifort
Bailey:   bailey_axe_4, bailey
IceCv:    ice_cave_caverns_02

Skill      XL: |  1  2  3  4  5  6  7  8  9 10 11 12 13 14 15 16 |
---------------+-------------------------------------------------+-----
Maces & Flails | 4 5 6 8 9 11 13 15 16 17 18 | 18.0
Fighting       | 5 7 9 11 12 14 | 14.9
Armour         | 5 9 11 12 13 | 13.7
Crossbows      | 4 12 15 17 18 | 18.8
Dodging        | 5 6 |  6.5
Evocations     | 4 5 |  5.0

Action                   |  1- 3 |  4- 6 |  7- 9 | 10-12 | 13-15 | 16-18 || total
-------------------------+-------+-------+-------+-------+-------+-------++-------
Melee: Mace              |    91 |    55 |    92 |       |       |       ||   238
       Headbutt          |     8 |    11 |    59 |    89 |   160 |    35 ||   362
       Whip              |       |    21 |    46 |       |       |       ||    67
       Morningstar       |       |       |   173 |   416 |   194 |       ||   783
       Dire flail        |       |       |       |       |   498 |   125 ||   623
 Fire: Arbalest          |       |       |       |    99 |   841 |   204 ||  1144
Throw: Javelin           |     5 |     8 |     5 |       |       |       ||    18
       Tomahawk          |       |     6 |    37 |   172 |       |       ||   215
       Throwing net      |       |       |       |       |     1 |       ||     1
Invok: Berserk           |       |     1 |     1 |       |       |     2 ||     4
       Burn Spellbooks   |       |     1 |       |     3 |     5 |       ||     9
       Brothers in Arms  |       |       |     5 |     5 |     4 |     7 ||    21
       Trog's Hand       |       |       |     2 |     1 |     4 |     6 ||    13
Evoke: Wand              |       |       |     3 |     3 |       |       ||     6
  Use: Scroll            |     1 |     1 |     2 |     8 |    35 |     6 ||    53
       Potion            |       |     4 |     8 |     3 |     1 |     9 ||    25
 Stab: Distracted        |       |       |     1 |     1 |       |       ||     2
  Eat: Chunk             |     1 |     3 |     3 |    18 |    32 |     7 ||    64
       Fruit             |       |     2 |       |     7 |    12 |     3 ||    24
       Meat ration       |       |       |     1 |       |       |     1 ||     2
       Royal jelly       |       |       |     2 |       |       |       ||     2
       Pizza             |       |       |       |     3 |     1 |       ||     4
       Beef jerky        |       |       |       |     1 |       |     1 ||     2
Armor: Leather armour    |    28 |    12 |       |       |       |       ||    40
       Animal skin       |     3 |       |       |       |       |       ||     3
       Chain mail        |       |     5 |   106 |     4 |       |       ||   115
       Ring mail         |       |       |       |   141 |    97 |       ||   238
       Plate armour      |       |       |       |       |    91 |       ||    91
       Crystal plate arm |       |       |       |       |   143 |   320 ||   463
Dodge: Dodged            |    56 |    38 |   185 |   253 |   219 |    95 ||   846
Block: Shield            |       |       |       |    17 |       |       ||    17
